 Dungeon Crawl Stone Soup version 0.29.0-11-gd7f09526c8 (webtiles) character file.

Game seed: 15617532873794980637

214 xian the Conjurer (level 5, -6/31 HPs)
             Began as an Octopode Conjurer on Sept 6, 2022.
             Splashed by a jelly's acid (7 damage)
             ... in a sewer.
             The game lasted 00:06:00 (3008 turns).

xian the Conjurer (Octopode Conjurer)               Turns: 3008, Time: 00:06:05

Health: -6/31      AC: -3    Str:  9    XL:     5   Next: 91%
Magic:  1/9        EV: 13    Int: 20    God:
Gold:   56         SH:  0    Dex: 10    Spells: 6/9 levels left

rFire   . . .      SeeInvis .   c - +2 dagger (venom)
rCold   . . .      Faith    .   (no shield)
rNeg    . . .      Spirit   .   (helmet restricted)
rPois   .          Reflect  .   (no amulet)
rElec   .          Harm     .   (no ring)
rCorr   .          Rampage  .   (no ring)
Will    .....                   (no ring)
Stlth   +++.......              (no ring)
HPRegen 0.10/turn               (no ring)
MPRegen 0.11/turn               (no ring)
                                (no ring)
                                (no ring)

@: corroded
A: almost no armour, amphibious, 8 rings, camouflage 1, gelatinous body 1,
(nimble swimmer 1), tentacles
a: no special abilities


You were in a sewer.
You visited 1 branch of the dungeon, and saw 3 of its levels.
You also visited: Sewer.

You collected 56 gold pieces.

Inventory:

Hand Weapons
 c - a +2 dagger of venom (weapon)
Missiles
 f - 3 curare-tipped darts
Magical Staves
 h - a staff of air
 i - a staff of poison
Scrolls
 a - a scroll of identify
 g - a scroll of amnesia
Potions
 b - 2 potions of heal wounds
 d - 2 potions of curing
 e - a potion of brilliance {unknown}
 j - a potion of haste {unknown}


   Skills:
 + Level 0.2 Fighting
 + Level 0.1 Short Blades
 + Level 2.7 Dodging
 + Level 3.7 Stealth
 + Level 2.8 Spellcasting
 + Level 5.9 Conjurations


You had 6 spell levels left.
You knew the following spells:

 Your Spells              Type           Power      Damage    Failure   Level
a - Magic Dart            Conj           100%       1d8       1%          1
b - Searing Ray           Conj           52%        2d6       1%          2

Your spell library contained the following spells:

 Spells                   Type           Power      Damage    Failure   Level
 Dazzling Flash           Conj/Hex       28%        N/A       13%         3
 Beastly Appendage        Tmut           4%         N/A       14%         1
 Slow                     Hex            8%         N/A       14%         1
 Wereblood                Tmut           2%         N/A       22%         2
 Confusing Touch          Hex            2%         N/A       41%         3
 Spider Form              Tmut/Pois      2%         N/A       41%         3
 Vampiric Draining        Necr           2%         2d6       41%         3
 Fulminant Prism          Conj/Hex       7%         3d7       41%         4
 Iskenderun's Mystic Bla  Conj/Tloc      14%        2d5       41%         4


Dungeon Overview and Level Annotations

Branches:
Dungeon (3/15)              Sewer (1/1)

Altars:
Kikubaaqudgha

Shops:
D:1 (


Innate Abilities, Weirdness & Mutations

You cannot wear most types of armour.
You are amphibious.
You can wear up to eight rings at the same time.
Your skin changes colour to match your surroundings (Stealth+).
Your rubbery body absorbs attacks. (AC +1, EV +1)
((You are camouflaged when in or above water. (Stealth+)))
You have tentacles for arms and can constrict up to eight enemies at once.


Message History

Casting: Searing Ray (safe; 1% risk of failure)
Confirm with . or Enter, or press ? or * to list all spells.
You don't know that spell.
Casting: Searing Ray (safe; 1% risk of failure)
Confirm with . or Enter, or press ? or * to list all spells.
Aiming: Searing Ray (safe; 1% risk of failure)
Press: ? - help, Shift-Dir - straight line, f - jelly
Aim: a jelly (100% to hit)
The searing ray hits the jelly.
The jelly is moderately wounded. (Press . to maintain the ray.)
The jelly closely misses you.
The searing ray hits the jelly.
The jelly is heavily wounded.
The jelly hits you.
You are splashed with acid.
* * * LOW HITPOINT WARNING * * *
The searing ray hits the jelly.
The jelly is severely wounded.
The jelly hits you but does no damage.
Without enough magic to sustain it, your searing ray dissipates.
The jelly barely misses you.
Unknown command.
Casting: Searing Ray (safe; 1% risk of failure)
Confirm with . or Enter, or press ? or * to list all spells.
You don't have enough magic to cast this spell.
Casting: Searing Ray (safe; 1% risk of failure)
Confirm with . or Enter, or press ? or * to list all spells.
You don't have enough magic to cast this spell.
Casting: Searing Ray (safe; 1% risk of failure)
Confirm with . or Enter, or press ? or * to list all spells.
You don't have enough magic to cast this spell.
Unknown command.
Unknown command.
You hit the jelly.
Your tentacles burn!
* * * LOW HITPOINT WARNING * * *
The jelly is almost dead.
The jelly hits you.
* * * LOW HITPOINT WARNING * * *
The acid corrodes you!
You are splashed with acid!
You die...

###### ###
~~...#### ##~~##
~†~.~..~##!.#~~..##
####~..~†#~~.~~J~.#
###~~.## ##@~#
##.~~## ##..~#
#.~~~###~~.##
##~~†~.~~~## ###
##~.~..~## .~#
##~~~~.~.# ..#
#...~.~~†~# ..#
#~.~#~.~~~~~# ~~#
#..~##..~##~..


You could see a jelly.

Vanquished Creatures
  A phantom (D:3)
  3 gnolls (D:3)
  2 adders
  3 river rats (Sewer)
  2 worms
  8 bats
  6 endoplasms
  5 giant cockroaches
  2 hobgoblins
  7 kobolds
  5 quokkas
  7 ball pythons
  3 frilled lizards
  3 goblins
  11 rats
68 creatures vanquished.

Notes
Turn   | Place    | Note
-------+----------+-------------------------------------------
     0 | D:1      | xian the Octopode Conjurer began the quest for the Orb.
     0 | D:1      | Reached XP level 1. HP: 11/11 MP: 3/3
   365 | D:1      | Reached XP level 2. HP: 17/17 MP: 1/5
   443 | D:1      | Found Attonemm's Weapon Emporium.
   806 | D:1      | Learned a level 2 spell: Searing Ray
  1094 | D:2      | Found a faded altar of an unknown god.
  1323 | D:2      | Reached XP level 3. HP: 21/21 MP: 4/6
  2038 | D:3      | Reached skill level 5 in Conjurations
  2075 | D:3      | Reached XP level 4. HP: 12/27 MP: 1/7
  2160 | D:3      | Noticed a phantom
  2188 | D:3      | Killed a phantom
  2189 | D:3      | Reached XP level 5. HP: 18/31 MP: 4/8
  2416 | D:3      | Found an ancient bone altar of Kikubaaqudgha.
  2536 | D:3      | Found a glowing drain.
  2564 | Sewer    | Entered a sewer
  3008 | Sewer    | HP: 1/31 [jelly (2)]
  3008 | Sewer    | Splashed by a jelly's acid

Illustrated notes

Levels and vault maps discovered:
D:1:      denvon_arrival_planthouse, layout_basic, serial_shops,
          nicolae_diamond_shop, nicolae_figureground_sparkle
D:2:      layout_basic, nicolae_ecumenical_oubliette, corexii_hall_statues_l
D:3:      layout_basic, kiku_gazebo_garden_becter, gup_sewer_entry_glass
Sewer:    sewer_hellmonk_slimy_pipes

Skill      XL: |  1  2  3 |
---------------+----------+-----
Conjurations   | 5 |  5.9
Stealth        | 3 |  3.7
Fighting       | |  0.2
Short Blades   | |  0.1
Dodging        | |  2.7
Spellcasting   | |  2.8

Action                   |  1- 3 |  4- 6 || total
-------------------------+-------+-------++-------
Melee: Dagger            |    11 |     7 ||    18
       Constrict         |     2 |     1 ||     3
       Tentacles         |     2 |     1 ||     3
 Cast: Magic Dart        |    66 |    29 ||    95
       Searing Ray       |     1 |    10 ||    11
  Use: Scroll            |     5 |       ||     5
       Potion            |       |     2 ||     2
 Stab: Sleeping          |       |     1 ||     1
Armor: Skin              |     3 |     3 ||     6
Dodge: Dodged            |    14 |    16 ||    30
